 Dungeon Crawl Stone Soup version 0.31.0-4-g52a2dc7128 (webtiles) character file.

Game seed: 4729752129756585934

84126 unlimited1921 the Eclecticist (level 16, -33/99 HPs)
             Began as a Djinni Fire Elementalist on Jan 21, 2024.
             Was an Elder of Ashenzari.
             Annihilated by a stone giant (38 damage)
             ... on level 15 of the Dungeon on Jan 23, 2024.
             The game lasted 03:49:57 (44467 turns).

unlimited1921 the Eclecticist (DjFE)               Turns: 44467, Time: 03:49:58

Health: -33/99     AC:  8    Str: 13    XL:     16   Next: 26%
Gold:   1581       EV: 16    Int: 22    God:    Ashenzari [****..] SH: 26 Dex: 17

rFire   + + +        Z - +8 demon trident "Rift" {distort, reach+, Fort, Elem} (curse)
rCold   x . .        D - +1 tower shield
rNeg    . . .        y - +1 leather armour of the Chained Anxiety {rF+, Self, Sorc} (curse)
rPois   ∞            (no helmet)
rElec   .            i - +0 cloak "Tethered Together" {Elem, Bglg} (curse)
rCorr   .            Y - +0 pair of gloves "Restrained Negligence" {Bglg, Self} (curse)
SInv    +            (boots unavailable)
Will    +....        s - amulet "Overhang to Understand" {Reflect SH+5, Elem, Cun} (curse)
Stlth   ++++         c - ring "Cursed Sybil" {Str+6, Bglg, Comp} (curse)
HPRegen 0.36/turn    f - ring of see invisible
MPRegen 0.00/turn

%: reflection, clarity, infuse magic (-34 HP)
@: flying
A: sickness immunity, fire resistance 2, cold vulnerability 1, float, innate
caster, HP casting, extra vitality 1
a: Renounce Religion, Curse Item, Shatter the Chains


You were on level 15 of the Dungeon.
You worshipped Ashenzari.
Ashenzari was greatly pleased with you.
You visited 6 branches of the dungeon, and saw 23 of its levels.

You collected 2764 gold pieces.
You spent 1183 gold pieces at shops.

Inventory:

Hand Weapons
 u - a +1 whip of electrocution
 Z - the cursed +8 demon trident "Rift" (weapon) {distort, reach+, Fort, Elem}
   (You bought it in a shop on level 2 of the Orcish Mines)

   It has a curse which improves the following skills: Fortitude: Armour and
   Shields.
   Elements:  Fire Magic, Ice Magic, Air Magic and Earth Magic.
Missiles
 k - 10 atropa-tipped darts
 x - 47 poisoned darts
 S - a throwing net
Armour
 i - the cursed +0 cloak "Tethered Together" (worn) {Elem, Bglg}
   (You found it on level 2 of the Dungeon)

   It has a curse which improves the following skills: Elements: Fire Magic, Ice
   Magic, Air Magic and Earth Magic.
   Beguiling: Hexes and Translocations.
 y - the cursed +1 leather armour of the Chained Anxiety (worn) {rF+, Self, Sorc}
   (You took it off an orc on level 4 of the Dungeon)

   It has a curse which improves the following skills: Introspection: Fighting
   and Spellcasting.
   Sorcery:   Conjurations and Alchemy.
 C - a +0 cloak
 D - a +1 tower shield (worn)
 K - a +2 robe of willpower
 M - a +0 chain mail of cold resistance
 P - +0 steam dragon scales
 W - a +4 ring mail
 Y - the cursed +0 pair of gloves "Restrained Negligence" (worn) {Bglg, Self}
   (You found it on level 11 of the Dungeon)

   It has a curse which improves the following skills: Beguiling: Hexes and
   Translocations.
   Introspection: Fighting and Spellcasting.
Jewellery
 c - the cursed ring "Cursed Sybil" (left hand) {Str+6, Bglg, Comp}
   (You found it on level 1 of the Dungeon)

   [ring of strength]

   Str+6:     It affects your strength (+6).
   It has a curse which improves the following skills: Beguiling: Hexes and
   Translocations.
   Companions: Summonings and Necromancy.
 f - a ring of see invisible (right hand)
 n - a ring of ice
 s - the cursed amulet "Overhang to Understand" (around neck) {Reflect SH+5, Elem, Cun}
   (You found it on level 7 of the Dungeon)

   [amulet of reflection]

   Reflect:   It reflects blocked missile attacks.
   SH+5:      It affects your SH (+5).
   It has a curse which improves the following skills: Elements: Fire Magic, Ice
   Magic, Air Magic and Earth Magic.
   Cunning:   Dodging and Stealth.
 F - a ring of protection from fire
 Q - a ring of protection from fire
Talismans
 H - a serpent talisman
Wands
 v - a wand of mindburst (6)
 G - a wand of digging (3)
 L - a wand of light (6)
 O - a wand of polymorph (5)
 R - a wand of paralysis (4) (quivered)
 X - a wand of flame (1)
Scrolls
 a - 4 scrolls of teleportation
 b - 20 scrolls of identify
 d - 2 scrolls of blinking
 g - a scroll of acquirement
 h - 2 scrolls of revelation
 m - 4 scrolls of enchant armour
 q - 5 scrolls of enchant weapon
 t - 2 scrolls of poison
 w - 3 scrolls of fog
 A - 2 scrolls of butterflies
 V - a scroll of immolation
Potions
 e - a potion of heal wounds
 j - 3 potions of magic
 o - 5 potions of curing
 p - 2 potions of lignification
 r - a potion of haste
 z - 2 potions of mutation
 B - 3 potions of berserk rage
 E - 4 potions of enlightenment
 I - 3 potions of might
 J - a potion of ambrosia
 N - a potion of invisibility
 T - a potion of brilliance


   Skills:
 + Level 2.1(4.1) Fighting
 - Level 1.0(1.1) Axes
 + Level 0.4(0.8) Polearms
 * Level 8.1(10.0) Armour
 * Level 9.9(11.7) Dodging
 * Level 8.2(10.1) Stealth
 * Level 14.3(16.0) Shields
 * Level 15.0(17.6) Spellcasting
 * Level 15.0(16.7) Conjurations
 * Level 15.0(18.5) Hexes
 * Level 15.0(16.7) Summonings
 * Level 15.0(16.7) Necromancy
 * Level 15.0(18.5) Translocations
 * Level 15.0(18.5) Fire Magic
 * Level 15.0(18.5) Ice Magic
 * Level 15.0(18.5) Air Magic
 * Level 15.0(18.5) Earth Magic
 * Level 15.0(16.7) Alchemy
 + Level 0.9 Evocations


You knew the following spells:

 Your Spells              Type           Power      Damage    Failure   Level
a - Foxfire               Conj/Fire      100%       2x1d9     0%          1
b - Scorch                Fire           100%       2d9       0%          2
c - Volatile Blastmotes   Fire/Tloc      100%       2d18      1%          3
d - Inner Flame           Hex/Fire       79%        N/A       1%          3
e - Flame Wave            Conj/Fire      77%        2d17      1%          4
f - Sting                 Conj/Alch      100%       1d9       0%          1
g - Jinxbite              Hex            100%       N/A       0%          2
h - Dazzling Flash        Conj/Hex       100%       N/A       1%          3
i - Dispel Undead         Necr           75%        3d25      1%          4
j - Lee's Rapid Deconstr  Erth           39%        3d19*     1%          5
k - Curse of Agony        Necr           75%        N/A       1%          5
l - Starburst             Conj/Fire      38%        6d11      1%          6
Your spell library was empty.

Dungeon Overview and Level Annotations

Branches:
Dungeon (15/15)            Temple (1/1) D:5            Lair (3/5) D:8
  Swamp (0/4) Lair:3       Spider (0/4) Lair:3          Orc (2/2) D:9
    Elf (1/3) Orc:2        Vaults (0/5) D:13         Depths (1/4) D:15

Altars:
Ashenzari
Cheibriados
Dithmenos
Elyvilon
Fedhas
Gozag
Hepliaklqana
Makhleb
Nemelex Xobeh
Okawaru
Qazlal
Ru
Trog
Uskayaw
Wu Jian
Xom
Yredelemnul
Zin
The Shining One

Shops:
D:7 *   Orc:2 =(((

Portals:
Trove: D:13 (give +2 gold dragon scales)

Annotations:
D:3 2 transporters, Driedwater's ghost, amateur DECj
Lair:3 2 transporters, groovy9's ghost, journeyman HOFi
Elf:1 Kirke


Innate Abilities, Weirdness & Mutations

You are immune to sickness and miasma.
You are immune to poison.
Your flesh is very heat resistant. (rF++)
You are vulnerable to cold. (rC-)
You float through the air rather than walking.
You learn spells naturally, not from books.
Your magical power is your life essence.
You have superior vitality. (+4 MHP)


Message History

You conjure some foxfire!
* * * LOW HITPOINT WARNING * * *
Casting: Foxfire (safe; 0% risk of failure)
Confirm with . or Enter, or press ? or * to list all spells.
Aiming: Lee's Rapid Deconstruction (mildly dangerous; 1% risk of failure)
Press: ? - help, Dir - move target A metal wall.
The metal wall shatters!
The blast of metal fragments hits the stone giant!
The stone giant is almost dead.
* * * LOW HITPOINT WARNING * * *
The foxfire hits the stone giant but does no damage.
The stone giant is almost dead.
The foxfire hits the stone giant but does no damage.
The stone giant is almost dead.
The stone giant throws a large rock.
You block the large rock with an invisible shield... and reflect it back!
The large rock barely misses the stone giant.
Casting: Lee's Rapid Deconstruction (mildly dangerous; 1% risk of failure)
Confirm with . or Enter, or press ? or * to list all spells.
You conjure some foxfire!
* * * LOW HITPOINT WARNING * * *
Casting: Foxfire (safe; 0% risk of failure)
Confirm with . or Enter, or press ? or * to list all spells.
Aiming: Lee's Rapid Deconstruction (mildly dangerous; 1% risk of failure)
Press: ? - help, Dir - move target A stone wall.
The wall shatters!
The blast of rock fragments hits the stone giant.
The stone giant is almost dead.
* * * LOW HITPOINT WARNING * * *
The foxfire hits the stone giant.
The stone giant is almost dead.
The foxfire hits the stone giant but does no damage.
The stone giant is almost dead.
As you read the scroll of fear, it crumbles to dust.
You assume a fearsome visage.
The stone giant resists with almost no effort.
The stone giant hits you!!!
You die...

....#....##...#
....'....##...#
....#.........#
....#.........#
....#.........#
....#.........#
....#.........##
....#....##....###
....#....#.....§@#
....############C#
....##.........#.#
#...##.###.###.#.#
#...##.#.###.'.#.#
#...##.##$(/####)#
.#...#..#?.(#....#
.#####.##[$?##.###
.##..#.#.###{#.#


You could see a stone giant.

Vanquished Creatures
  Rupert (Orc:2)
  A tentacled monstrosity (D:12)
  A vampire knight (D:15)
  A very ugly thing (D:12)
  An entropy weaver (D:13)
  2 great orbs of eyes (D:15)
  A vault guard (D:13)
  A rakshasa (Depths:1)
  3 hydras
  An ogre mage (D:15)
  3 centaur warriors
  6 two-headed ogres
  A death yak (D:8)
  A tengu warrior (D:8)
  A boulder beetle (Lair:3)
  7 orc high priests
  3 demonic crawlers (D:12)
  Sonja (D:12)
  3 skeletal warriors (D:14)
  A fire crab (D:15)
  A skyshark (Lair:1)
  2 large abominations (D:12)
  2 deep elf pyromancers
  A wolf spider (D:15)
  7 orc knights
  15 ugly things
  A salamander (D:15)
  6 orc sorcerers (Orc:2)
  4 cyclopes
  7 manticores
  3 meliai (D:13)
  24 elephants
  A cane toad (shapeshifter) (D:14)
  6 cane toads
  A kobold demonologist (D:12)
  3 rime drakes
  3 komodo dragons (Lair:1)
  An efreet (D:15)
  A polar bear (Lair:3)
  7 trolls
  A merfolk (shapeshifter) (D:15)
  2 hornets
  15 blink frogs
  3 centaur simulacra
  Sigmund (D:2)
  3 shadows
  41 yaks
  9 wargs
  2 wyverns
  3 steam dragons
  10 vampire mosquitoes
  4 basilisks
  5 small abominations (D:12)
  5 acid dragons
  A two-headed ogre zombie (D:9)
  2 hell hounds (Orc:2)
  26 orc warriors
  8 water moccasins
  3 ice beasts
  6 laughing skulls
  A sky beast (D:8)
  2 black bears
  8 wolves
  6 ogres
  A boggart (D:8)
  4 centaurs
  A phantom (D:9)
  9 bullfrogs
  4 kobold brigands
  A gnoll sergeant (D:13)
  9 wights
  3 troll zombies (D:9)
  8 killer bees
  3 electric eels
  A bombardier beetle (D:5)
  A crimson imp (D:10)
  6 hounds
  A gnoll bouda (D:8)
  38 orc priests
  A jelly (D:6)
  Natasha (D:2)
  26 orc wizards
  2 iguanas (D:6)
  4 ogre zombies (D:9)
  3 hound zombies (D:4)
  11 gnolls
  9 adders
  A white imp (D:6)
  4 ufetubi
  2 adder zombies (D:4)
  A ribbon worm (D:3)
  3 dart slugs
  122 orcs
  9 bats
  7 endoplasms
  3 giant cockroaches
  13 hobgoblins
  6 jackals (D:1)
  4 quokkas
  5 ball pythons
  3 frilled lizards
  3 gnoll skeletons (D:9)
  A gnoll zombie (D:9)
  12 goblins
  35 kobolds
  An orc skeleton (D:9)
  20 orc zombies (D:9)
  7 rats
  A foxfire (D:10)
713 creatures vanquished.

Vanquished Creatures (collateral kills)
  11 foxfires
11 creatures vanquished.

Vanquished Creatures (others)
  2023 foxfires
2023 creatures vanquished.

Grand Total: 2747 creatures vanquished

Notes
Turn   | Place    | Note
-------+----------+-------------------------------------------
     0 | D:1      | unlimited1921 the Djinni Fire Elementalist began the quest
                  | for the Orb.
     0 | D:1      | unlimited1921 set off with the following spells memorised:
                  | Foxfire, Scorch, Volatile Blastmotes, Inner Flame, Flame
                  | Wave.
     0 | D:1      | Reached XP level 1. HP: 15/15 MP: 0/0
   172 | D:1      | Reached XP level 2. HP: 19/21 MP: 0/0
   979 | D:1      | Reached XP level 3. HP: 22/25 MP: 0/0
   979 | D:1      | Learned a level 1 spell: Sting
  2650 | D:2      | Noticed Sigmund
  2658 | D:2      | Killed Sigmund
  2659 | D:2      | Reached XP level 4. HP: 21/31 MP: 0/0
  2659 | D:2      | Reached XP level 5. HP: 25/36 MP: 0/0
  2659 | D:2      | Learned a level 2 spell: Jinxbite
  2659 | D:2      | Reached XP level 6. HP: 28/41 MP: 0/0
  3478 | D:2      | Noticed Natasha
  3482 | D:2      | Killed Natasha
  5421 | D:3      | Reached XP level 7. HP: 44/46 MP: 0/0
  5421 | D:3      | Learned a level 3 spell: Dazzling Flash
  5790 | D:3      | Found a transporter.
  5793 | D:3      | Found a transporter.
  5793 | D:3      | Noticed Driedwater's ghost (amateur DECj)
  7890 | D:4      | Reached skill level 5 in Spellcasting
  7890 | D:4      | Reached skill level 5 in Conjurations
  7890 | D:4      | Reached skill level 5 in Hexes
  7890 | D:4      | Reached skill level 5 in Summonings
  7890 | D:4      | Reached skill level 5 in Necromancy
  7890 | D:4      | Reached skill level 5 in Translocations
  7890 | D:4      | Reached skill level 5 in Fire Magic
  7890 | D:4      | Reached skill level 5 in Ice Magic
  7890 | D:4      | Reached skill level 5 in Air Magic
  7890 | D:4      | Reached skill level 5 in Earth Magic
  7890 | D:4      | Reached skill level 5 in Alchemy
  8386 | D:4      | Found a sparkling altar of Nemelex Xobeh.
  8661 | D:4      | Noticed a water moccasin
  8663 | D:4      | Killed a water moccasin
  8664 | D:4      | Reached skill level 1 in Armour
  8875 | D:4      | Reached XP level 8. HP: 40/51 MP: 0/0
  9209 | D:4      | Found a basalt altar of Yredelemnul.
  9617 | D:4      | Found a bloodstained altar of Trog.
 10077 | D:5      | Entered Level 5 of the Dungeon
 10203 | D:5      | Found a staircase to the Ecumenical Temple.
 10228 | Temple   | Entered the Ecumenical Temple
 10237 | Temple   | Became a worshipper of Ashenzari the Shackled
 11151 | D:5      | Found a sacrificial altar of Ru.
 11390 | D:5      | Reached skill level 5 in Stealth
 11683 | D:5      | Found a hide-covered altar of Uskayaw.
 11769 | D:6      | Reached skill level 1 in Shields
 11775 | D:6      | Reached XP level 9. HP: 27/56 MP: 0/0
 11775 | D:6      | Learned a level 4 spell: Dispel Undead
 13011 | D:6      | Reached * piety under Ashenzari
 13011 | D:6      | Identified a scroll of acquirement
 13069 | D:6      | Identified Sif Muna's Tome of the Volcano
 13069 | D:6      | Identified Sif Muna's Directory of Transportation
 13069 | D:6      | Identified Sif Muna's Elucidation of Cryomancy
 13400 | D:7      | Found a blossoming altar of Fedhas.
 13771 | D:7      | Found a hazy altar of Hepliaklqana.
 13776 | D:7      | Found a shadowy altar of Dithmenos.
 13947 | D:7      | Reached ** piety under Ashenzari
 14306 | D:7      | Found Ocegg's Overcharged Wands.
 14908 | D:8      | Found a glowing golden altar of the Shining One.
 15057 | D:8      | Noticed a two-headed ogre
 15063 | D:8      | Killed a two-headed ogre
 15064 | D:8      | Reached skill level 5 in Shields
 15064 | D:8      | Reached XP level 10. HP: 53/61 MP: 0/0
 15102 | D:8      | Reached *** piety under Ashenzari
 15173 | D:8      | Noticed an elephant
 15181 | D:8      | Noticed a death yak
 15402 | D:8      | Killed an elephant
 15508 | D:8      | Killed a death yak
 15730 | D:8      | Found a staircase to the Lair.
 15919 | Lair:1   | Entered Level 1 of the Lair of Beasts
 16073 | Lair:1   | Noticed a komodo dragon
 16081 | Lair:1   | Killed a komodo dragon
 16112 | Lair:1   | Reached XP level 11. HP: 51/67 MP: 0/0
 16112 | Lair:1   | Learned a level 5 spell: Lee's Rapid Deconstruction
 16948 | Lair:1   | Reached skill level 10 in Spellcasting
 16948 | Lair:1   | Reached skill level 10 in Conjurations
 16948 | Lair:1   | Reached skill level 10 in Hexes
 16948 | Lair:1   | Reached skill level 10 in Summonings
 16948 | Lair:1   | Reached skill level 10 in Necromancy
 16948 | Lair:1   | Reached skill level 10 in Translocations
 16948 | Lair:1   | Reached skill level 10 in Fire Magic
 16948 | Lair:1   | Reached skill level 10 in Ice Magic
 16948 | Lair:1   | Reached skill level 10 in Air Magic
 16948 | Lair:1   | Reached skill level 10 in Earth Magic
 16948 | Lair:1   | Reached skill level 10 in Alchemy
 17606 | Lair:2   | Noticed a six-headed hydra
 17612 | Lair:2   | Noticed a skyshark
 17613 | Lair:2   | Killed a six-headed hydra
 17614 | Lair:2   | Reached skill level 10 in Shields
 17689 | Lair:2   | Noticed an elephant
 17698 | Lair:1   | Killed a skyshark
 17834 | Lair:2   | Noticed an elephant
 17840 | Lair:1   | Killed an elephant
 18007 | Lair:2   | Noticed an elephant
 18010 | Lair:2   | Noticed an elephant
 18016 | Lair:1   | Killed an elephant
 18250 | Lair:1   | Killed an elephant
 18250 | Lair:1   | Killed an elephant
 18251 | Lair:1   | Reached skill level 1 in Fighting
 18251 | Lair:1   | Reached XP level 12. HP: 24/74 MP: 0/0
 18880 | Lair:2   | Reached skill level 5 in Dodging
 19876 | Lair:2   | Reached skill level 1 in Axes
 20302 | Lair:3   | Noticed a boulder beetle
 20318 | Lair:3   | Killed a boulder beetle
 20695 | Lair:2   | Reached XP level 13. HP: 68/80 MP: 0/0
 20695 | Lair:2   | Learned a level 5 spell: Curse of Agony
 20947 | Lair:3   | Found a hole to the Spider Nest.
 20999 | Lair:3   | Found the +3 pair of mountain boots {steadfast, rC+}
 21276 | Lair:3   | Found a staircase to the Swamp.
 21619 | Lair:3   | Noticed a six-headed hydra
 21623 | Lair:3   | Killed a six-headed hydra
 22101 | Lair:3   | Found a transporter.
 22318 | Lair:3   | Noticed groovy9's ghost (journeyman HOFi)
 22326 | Lair:3   | Found a transporter.
 22326 | Lair:3   | Noticed an eight-headed hydra
 23561 | D:8      | Noticed a seven-headed hydra
 23569 | D:8      | Killed a seven-headed hydra
 25520 | D:9      | Found a staircase to the Orcish Mines.
 26226 | D:9      | Found a shimmering altar of Xom.
 26400 | Orc:1    | Entered Level 1 of the Orcish Mines
 26456 | Orc:1    | Reached XP level 14. HP: 65/87 MP: 0/0
 26586 | D:10     | Entered Level 10 of the Dungeon
 27687 | D:10     | Found a burning altar of Makhleb.
 28633 | D:11     | You are sucked into a shaft and drop 1 floor!
 29289 | D:11     | Reached **** piety under Ashenzari
 30613 | Orc:1    | Found a bloodstained altar of Trog.
 30961 | Orc:2    | Entered Level 2 of the Orcish Mines
 30961 | Orc:2    | Found Elotryhi's Antique Weapon Shoppe.
 31085 | Orc:2    | Found a staircase to the Elven Halls.
 31140 | Orc:2    | Noticed Rupert
 31155 | Orc:2    | Killed Rupert
 31156 | Orc:2    | Reached skill level 5 in Armour
 31699 | Orc:2    | Found a dark tunnel.
 34133 | Orc:2    | Found Todicut's Weapon Emporium.
 34254 | Orc:2    | Found Nuumall's Jewellery Emporium.
 34495 | Orc:2    | Found Hozizuh's Antique Weapon Shoppe.
 34760 | Orc:2    | Bought the +8 demon trident "Rift" {distort, reach+} for
                  | 1183 gold pieces
 34760 | Orc:2    | Found the +8 demon trident "Rift" {distort, reach+}
 34802 | Elf:1    | Entered Level 1 of the Elven Halls
 34802 | Elf:1    | Noticed Kirke
 34883 | Orc:2    | Identified the cursed +0 cloak "Tethered Together" {Elem,
                  | Bglg} (You found it on level 2 of the Dungeon)
 34883 | Orc:2    | Identified the cursed +0 pair of gloves "Restrained
                  | Negligence" {Bglg, Self} (You found it on level 11 of the
                  | Dungeon)
 34883 | Orc:2    | Identified the cursed +1 leather armour of the Chained
                  | Anxiety {rF+, Self, Sorc} (You took it off an orc on level
                  | 4 of the Dungeon)
 34883 | Orc:2    | Identified the cursed ring "Cursed Sybil" {Str+6, Bglg,
                  | Comp} (You found it on level 1 of the Dungeon)
 35090 | D:12     | Reached XP level 15. HP: 67/93 MP: 0/0
 35090 | D:12     | Learned a level 6 spell: Starburst
 35746 | D:12     | Found a runed translucent door.
 35788 | D:12     | Noticed Sonja
 35790 | D:12     | Killed Sonja
 35899 | D:13     | Found a gate to the Vaults.
 36934 | D:12     | Noticed a tentacled monstrosity
 37429 | D:12     | Noticed a purple very ugly thing
 37433 | D:12     | Killed a purple very ugly thing
 37719 | D:12     | Killed a tentacled monstrosity
 38862 | D:13     | HP: 3/83 [laughing skull/bolt of negative energy (18)]
 40491 | D:13     | Found a portal to a secret trove of treasure.
 41861 | D:15     | Entered Level 15 of the Dungeon
 41922 | D:15     | Reached XP level 16. HP: 72/99 MP: 0/0
 42313 | D:15     | Reached skill level 15 in Spellcasting
 42313 | D:15     | Reached skill level 15 in Conjurations
 42313 | D:15     | Reached skill level 15 in Hexes
 42313 | D:15     | Reached skill level 15 in Summonings
 42313 | D:15     | Reached skill level 15 in Necromancy
 42313 | D:15     | Reached skill level 15 in Translocations
 42313 | D:15     | Reached skill level 15 in Fire Magic
 42313 | D:15     | Reached skill level 15 in Ice Magic
 42313 | D:15     | Reached skill level 15 in Air Magic
 42313 | D:15     | Reached skill level 15 in Earth Magic
 42313 | D:15     | Reached skill level 15 in Alchemy
 42577 | D:15     | Found a staircase to the Depths.
 43019 | Depths:1 | Entered Level 1 of the Depths
 43604 | D:15     | Found a runed translucent door.
 43885 | D:15     | Paralysed by a vampire knight for 5 turns
 43889 | D:15     | HP: 2/99 [vampire knight/+0 bardiche of flaming (33)]
 44467 | D:15     | Annihilated by a stone giant

Illustrated notes

Levels and vault maps discovered:
D:1:      minmay_arrival_stone_box, layout_basic
D:2:      layout_rooms, uniq_sigmund, uniq_natasha
D:3:      layout_basic, gammafunk_ghost_arena
D:4:      corexii_shantytown, layout_cave_pools, trog_butcher_becter,
          nicolae_yredelemnul_corpse_copse, nemelex_xobeh_ov_fountains_minmay
D:5:      black_bear_nest_1, layout_loops_ring, nicolae_ru_path_of_blood,
          nicolae_overflow_hidden_temple, minmay_temple_entry_water_ring,
          chequers_serial_rivers_micro_a
D:6:      layout_cave_pools, nicolae_sif_muna_little_library
D:7:      layout_basic, riverfiend_overflow_shadow_ancestor, fedhas_altar_3,
          nicolae_shop_overcharged_wands
D:8:      minmay_klotski, layout_loops_ring, mainiacjoe_overflow_tiny_flanked,
          david_lair_generic
D:9:      layout_irregular_city, mainiacjoe_overflow_alcove_4,
          zombieorc2_lemuel, feat_on_display
D:10:     layout_basic, grunt_temple_overflow_lords_of_destruction
D:11:     layout_stronghold, minmay_misc_feat_hallway, lightli_minifort
D:12:     cheibrodos_body_horror, layout_basic, uniq_sonja
D:13:     layout_grid_maze, hellmonk_vaults_order_and_chaos, enter_trove_6,
          portal_ice_cave_rime
D:14:     layout_basic, small_statue_intersection
D:15:     hangedman_depths_entry_try_elsewhere_first, layout_gridville,
          nicolae_BIG_FREAKIN_CUBE, minmay_hidden_floor
Temple:   dpeg_three_leaves_temple
Lair:1:   layout_regular_city, serial_bayou_crossing
Lair:2:   hellmonk_ruined_rings, layout_chaotic_city, serial_bayou,
          serial_bayou_shore_a, serial_bayou_shore_b, serial_bayou_lake_a,
          serial_bayou_shore_b
Lair:3:   layout_regular_city, swamp_mist, spider_nest_entry_web_field,
          gammafunk_ghost_berserking_beasts, grunt_megastairs_5
Orc:1:    layout_caves, basic_altar, special_room [special_room_orc]
Orc:2:    st_orc_town, layout_diamond_mine, basic_altar, enter_volcano_3,
          serial_shops, nicolae_shop_waterfront, uniq_rupert
Elf:1:    minmay_elf_arrival_plus, layout_gridlike, basic_altar,
          ebering_ghost_rock_garden, nicolae_elf_shapeshifter_party, uniq_kirke,
          uniq_norris
Depths:1: layout_gridlike, enter_ziggurat_b, grunt_hell_horde,
          minmay_misc_feat_tower, nicolae_tso_carved_into_rock, uniq_boris

Skill      XL: |  1  2  3  4  5  6  7  8  9 10 11 12 13 14 15 16 |
---------------+-------------------------------------------------+-----
Stealth        | 2 4 5 6 7 8 |  8.2
Dodging        | 3 4 5 6 7 9 |  9.9
Spellcasting   | 4 5 6 7 9 10 11 13 14 15 | 15.0
Conjurations   | 4 5 6 7 9 10 11 13 14 15 | 15.0
Hexes          | 4 5 6 7 9 10 11 13 14 15 | 15.0
Summonings     | 4 5 6 7 9 10 11 13 14 15 | 15.0
Necromancy     | 4 5 6 7 9 10 11 13 14 15 | 15.0
Translocations | 4 5 6 7 9 10 11 13 14 15 | 15.0
Fire Magic     | 4 5 6 7 9 10 11 13 14 15 | 15.0
Ice Magic      | 4 5 6 7 9 10 11 13 14 15 | 15.0
Air Magic      | 4 5 6 7 9 10 11 13 14 15 | 15.0
Earth Magic    | 4 5 6 7 9 10 11 13 14 15 | 15.0
Alchemy        | 4 5 6 7 9 10 11 13 14 15 | 15.0
Armour         | 1 3 4 5 7 8 |  8.1
Shields        | 2 5 8 10 12 13 14 | 14.3
Fighting       | 1 2 |  2.1
Axes           | 1 |  1.0
Polearms       | |  0.4
Evocations     | |  0.9

Action                     |  1- 3 |  4- 6 |  7- 9 | 10-12 | 13-15 | 16-18 || total
---------------------------+-------+-------+-------+-------+-------+-------++-------
  Melee: Hand axe          |       |       |       |    31 |    63 |       ||    94
         Punch             |       |       |       |     1 |       |       ||     1
         Demon trident     |       |       |       |       |    10 |     6 ||    16
  Throw: Dart              |       |       |       |     1 |       |       ||     1
   Cast: Foxfire           |    82 |   103 |   333 |   162 |   481 |    32 ||  1193
         Scorch            |     4 |     4 |    21 |    55 |    95 |    10 ||   189
         Inner Flame       |       |     5 |    19 |    32 |   142 |    11 ||   209
         Jinxbite          |       |     1 |       |       |     1 |       ||     2
         Flame Wave        |       |       |     4 |    17 |     9 |       ||    30
         Volatile Blastmot |       |       |     1 |     6 |     5 |     8 ||    20
         Dazzling Flash    |       |       |     1 |     2 |     2 |       ||     5
         Lee's Rapid Decon |       |       |       |    29 |   235 |    31 ||   295
         Sting             |       |       |       |     3 |     2 |       ||     5
         Curse of Agony    |       |       |       |       |     4 |       ||     4
         Starburst         |       |       |       |       |    71 |     8 ||    79
 Invoke: Curse Item        |       |       |     3 |     2 |     2 |       ||     7
         Shatter the Chain |       |       |       |       |     1 |       ||     1
  Evoke: Wand              |       |       |       |     2 |    19 |     2 ||    23
    Use: Scroll            |       |       |       |     2 |     6 |     3 ||    11
         Potion            |       |       |       |     3 |     8 |     1 ||    12
   Stab: Sleeping          |       |       |       |       |       |     2 ||     2
 Armour: Robe              |     7 |     2 |     7 |       |       |       ||    16
         Leather armour    |       |       |    18 |    67 |    97 |    18 ||   200
  Dodge: Dodged            |     2 |     2 |    27 |    40 |    45 |    10 ||   126
  Block: Other             |       |       |       |     2 |       |       ||     2
         Tower shield      |       |       |       |   159 |   289 |    38 ||   486
         Reflection        |       |       |       |       |    27 |     2 ||    29
